 Dungeon Crawl Stone Soup version 0.31-a0-1338-gb567cfdca4 (webtiles) character file.

Game seed: 15241401680526287860

113896 Laraso the Bludgeoner (level 16, -3/140 (151) HPs)
             Began as a Minotaur Gladiator on Dec 22, 2023.
             Was the Champion of Trog.
             Slain by a spectral anaconda (6 damage)
             ... called from beyond by a ghost crab
             ... on level 1 of the Swamp.
             The game lasted 00:51:42 (28273 turns).

Laraso the Bludgeoner (Minotaur Gladiator)         Turns: 28273, Time: 00:51:44

HP:   -3/140 (151)  AC: 11    Str: 26    XL:     16   Next: 15%
MP:   24/24         EV: 21    Int:  5    God:    Trog [******]
Gold: 1581          SH: 20    Dex: 21    Spells: 15/15 levels left

rFire   . . .        a - +8 morningstar of Jelauvowk {drain, rC+ Will++ MP+9 Str+2}
rCold   + . .        I - +0 kite shield
rNeg    . . .        l - +2 ring mail of the Pure Smoking Lives {-Cast rElec rPois rCorr}
rPois   +            c - +0 hat
rElec   +            R - +0 cloak
rCorr   +            (no gloves)
SInv    .            (no boots)
Will    +++..        G - amulet of reflection
Stlth   +            X - +6 ring of dexterity
HPRegen 0.43/turn    p - +4 ring of slaying
MPRegen 0.19/turn

%: no spellcasting, reflection
@: studying Armour, drained
A: horns 2, retaliatory headbutt
a: Renounce Religion, Berserk, Trog's Hand, Brothers in Arms


You were on level 1 of the Swamp.
You worshipped Trog.
Trog was exalted by your worship.
You visited 5 branches of the dungeon, and saw 24 of its levels.
You also visited: Bailey.

You collected 3209 gold pieces.
You spent 1628 gold pieces at shops.

Inventory:

Hand Weapons
 a - the +8 morningstar of Jelauvowk (weapon) {drain, rC+ Will++ MP+9 Str+2}
   (You found it on level 3 of the Lair of Beasts)

   Str+2:     It affects your strength (+2).
   rC+:       It protects you from cold.
   Will++:    It greatly increases your willpower.
   MP+9:      It affects your magic capacity (+9).
Missiles
 d - 6 throwing nets (quivered)
 e - 11 javelins
Armour
 c - a +0 hat (worn)
 l - the +2 ring mail of the Pure Smoking Lives (worn) {-Cast rElec rPois rCorr}
   (You found it on level 3 of the Dungeon)

   rElec:     It insulates you from electricity.
   rPois:     It protects you from poison -Cast: It prevents spellcasting.
   rCorr:     It protects you from acid and corrosion.
 n - +0 swamp dragon scales
 I - a +0 kite shield (worn)
 R - a +0 cloak (worn)
Jewellery
 p - a +4 ring of slaying (right hand)
 G - an amulet of reflection (around neck)
 O - a ring of flight
 Q - a ring of see invisible
 X - a +6 ring of dexterity (left hand)
Talismans
 o - a granite talisman
Wands
 j - a wand of flame (52)
 r - a wand of mindburst (21)
 y - a wand of paralysis (16)
 D - a wand of digging (11)
 E - a wand of roots (9)
 W - a wand of polymorph (5)
Scrolls
 b - 3 scrolls of vulnerability
 g - 3 scrolls of enchant weapon
 i - 13 scrolls of teleportation
 m - 4 scrolls of blinking
 q - 2 scrolls of immolation
 s - 3 scrolls of fog
 u - 2 scrolls of brand weapon
 v - 4 scrolls of enchant armour
 F - 2 scrolls of fear
 K - a scroll of silence
 N - 2 scrolls of poison
 T - 4 scrolls of summoning
 U - 3 scrolls of identify
 V - a scroll of revelation
Potions
 f - 3 potions of cancellation
 h - 5 potions of mutation
 k - 4 potions of haste
 t - 4 potions of curing
 w - 10 potions of invisibility
 x - 2 potions of might
 z - 2 potions of resistance
 A - 3 potions of heal wounds
 B - 2 potions of magic
 C - 2 potions of berserk rage
 H - 3 potions of attraction
 L - a potion of ambrosia
 P - 2 potions of enlightenment
Miscellaneous
 M - a phantom mirror
 S - a tin of tremorstones (2/2)


   Skills:
 - Level 16.0 Fighting
 - Level 17.1 Maces & Flails
 - Level 2.0 Throwing
 - Level 12.7 Armour
 - Level 14.0 Dodging
 - Level 16.0 Shields
 * Level 8.9 Evocations


You had 15 spell levels left.
You didn't know any spells.
Your spell library contained the following spells:

 Spells                   Type           Power      Damage    Failure   Level
 Freeze                   Ice            0%         1d3       71%         1
 Sandblast                Erth           0%         2d4       71%         1
 Cigotuvi's Dreadful Rot  Necr/Alch/Air  0%         N/A       83%         2
 Passwall                 Alch/Erth      0%         N/A       83%         2
 Frozen Ramparts          Ice            0%         1d1       97%         3
 Gell's Gravitas          Tloc           0%         N/A       97%         3
 Hailstorm                Conj/Ice       0%         3d5       97%         3
 Stone Arrow              Conj/Erth      0%         3d7       97%         3
 Teleport Other           Tloc           0%         N/A       97%         3
 Brom's Barrelling Bould  Conj/Erth      0%         2d3       100%        4
 Arcjolt                  Conj/Air       0%         1d10      100%        5
 Freezing Cloud           Conj/Ice/Air   0%         6-21      100%        5
 Dispersal                Tloc           0%         N/A       100%        6


Dungeon Overview and Level Annotations

Branches:
Dungeon (15/15)            Temple (1/1) D:4            Lair (5/5) D:11
  Swamp (1/4) Lair:3       Spider (0/4) Lair:3        Slime (0/5) Lair:4
    Orc (2/2) D:9             Elf (0/3) Orc:2        Vaults (0/5) D:14
 Depths (0/4) D:15         Bailey (visited)

Altars:
Ashenzari
Cheibriados
Dithmenos
Elyvilon
Fedhas
Gozag
Hepliaklqana
Kikubaaqudgha
Makhleb
Nemelex Xobeh
Okawaru
Qazlal
Ru
Sif Muna
Trog
Uskayaw
Vehumet
Wu Jian
Xom
Yredelemnul
Zin
The Shining One
Jiyva

Shops:
D:3 ?   D:5 =   D:6 :   D:7 [   D:8 ?   D:12 (   D:15 ?   Orc:2 [=?[

Annotations:
D:13 2 transporters, jestert79's ghost, adept KoHu
Lair:3 2 transporters


Innate Abilities, Weirdness & Mutations

You have a pair of horns on your head.
You reflexively headbutt those who attack you in melee.


Message History

The spectral anaconda attacks as it pursues you!
The spectral anaconda misses you. The spectral anaconda bites you.
* * * LOW HITPOINT WARNING * * *
You block the ghost crab's attack. x2
Unknown command.
You hit the ghost crab.
The ghost crab is lightly damaged.
You block the spectral anaconda's attack. x2
The will-o-the-wisp gestures.
The will-o-the-wisp conjures some marshlight!
You block the spectral spriggan berserker's attack.
The spectral anaconda barely misses you.
The spectral anaconda closely misses you. 2 foxfires come into view.
You puncture the ghost crab!
The ghost crab is moderately damaged.
You block the spectral anaconda's attack. x2
The ghost crab breathes spectral mist at you.
The spectral mist engulfs you.
The spectral spriggan berserker closely misses you.
Unknown command.
You puncture the ghost crab! You headbutt the ghost crab!
The ghost crab is severely damaged.
You are engulfed in spectral mist.
* * * LOW HITPOINT WARNING * * *
The foxfire is engulfed in spectral mist.
The foxfire hits you!
* * * LOW HITPOINT WARNING * * *
The foxfire is engulfed in spectral mist.
The foxfire hits you!!
* * * LOW HITPOINT WARNING * * *
You block the spectral anaconda's attack.
The spectral anaconda bites you.
* * * LOW HITPOINT WARNING * * *
You feel drained.
* * * LOW HITPOINT WARNING * * *
You block the ghost crab's attack. x2; The will-o-the-wisp blinks!
The spectral anaconda misses you. You furiously retaliate!
You headbutt the spectral anaconda. The spectral anaconda bites you.
You die...

P≈.♣.♣..§~...§♣
P≈.≈..~~...~~~..
≈..≈...~.~~~~...
♣..≈§........~..
♣♣.≈.......~.~~.
♣.≈....§☼~.....[ .
♣♣.≈~~○○§☼..~.~.
..♣..≈..§t@☼§§§§§.
♣...≈..°ZZZ§§§§§~
.♣.≈..~°.....~..~
..≈....~.♣♣..v~.♣
≈.♣♣~~§♣♣ ♣♣♣.♣~ .
♣♣~♣♣ ~. ♣..♣ .
♣~.♣ ♣♣~.♣


You could see a ghost crab, a spectral anaconda (summoned), a spectral death
drake (summoned), a spectral spriggan berserker (summoned) and a
will-o-the-wisp.

Vanquished Creatures
  Frances (D:13)
  Roxanne (D:14)
  A fire giant (D:15)
  The ghost of SecretSquirrel the Fighter, a journeyman TeAE of Vehumet (Lair:3)
  An ettin (D:15)
  A yaktaur captain (D:15)
  An entropy weaver (D:14)
  Josephine (D:13)
  A vault guard (D:14)
  2 ice dragons (D:15)
  7 hydras
  2 catoblepae
  3 alligators (Lair:2)
  7 ogre magi
  An anaconda (Lair:2)
  5 boulder beetles
  A death knight (D:15)
  15 two-headed ogres
  A death yak (Lair:2)
  3 orc high priests (Orc:2)
  A tengu warrior (D:15)
  An occultist (D:15)
  Sonja (D:12)
  2 skysharks
  13 spriggans
  Lodul (D:13)
  A swamp dragon (Lair:3)
  2 spriggan druids (Lair:3)
  An orc knight (Bailey)
  A bog body (Swamp:1)
  2 lindwurms (Lair:1)
  A deep elf pyromancer (D:14)
  The ghost of kd29 the Merchant of Misery, a novice DsRe of Kikubaaqudgha (D:6)
  An oklob plant (D:13)
  7 ugly things
  5 cyclopes
  An orc sorcerer (Orc:1)
  4 manticores
  3 kobold blastminers
  12 elephants (Lair:5)
  12 cane toads
  7 black mambas
  4 rime drakes
  A gargoyle (D:12)
  3 kobold demonologists
  An unseen horror (shapeshifter) (D:15)
  A tengu conjurer (D:15)
  2 unseen horrors
  2 efreet (D:13)
  14 komodo dragons
  7 trolls
  2 unseen horror skeletons (D:6)
  4 polar bears
  5 hornets
  3 dream sheep (Lair:5)
  12 blink frogs
  13 slime creatures
  A jumping spider (Lair:3)
  3 vampires
  66 yaks
  2 shadows (D:13)
  7 wraiths
  6 wyverns
  3 redbacks (Lair:3)
  3 steam dragons
  9 wargs
  9 vampire mosquitoes
  10 basilisks
  Edmund (D:4)
  4 acid dragons
  2 swamp worms (Swamp:1)
  15 water moccasins
  3 ice beasts (D:6)
  12 orc warriors
  A sky beast (D:6)
  4 black bears
  33 wolves
  4 boggarts (Lair:5)
  28 ogres
  4 centaurs
  A phantom (D:6)
  4 kobold brigands
  20 bullfrogs
  A gnoll sergeant (D:10)
  5 scorpions
  A wyvern skeleton (D:6)
  6 wights
  3 killer bees (D:9)
  2 electric eels (D:6)
  A howler monkey (D:8)
  A spectral centaur (D:6)
  2 jellies (D:5)
  4 hounds
  2 gnoll boudas
  25 orc priests
  An iguana (D:5)
  18 orc wizards
  A sleepcap (D:5)
  20 gnolls
  7 adders
  A shadow imp (D:7)
  A bombardier beetle (D:6)
  A white imp (D:8)
  An ufetubus (D:7)
  A worm (D:2)
  A dart slug (D:1)
  97 orcs
  5 ball pythons
  3 bats (D:1)
  8 endoplasms
  2 giant cockroaches (D:2)
  8 goblins
  4 hobgoblins
  2 jackals (D:5)
  4 quokkas
  2 frilled lizards
  14 kobolds
  4 rats
724 creatures vanquished.

Vanquished Creatures (others)
  An ogre (Orc:1)
  6 foxfires (Swamp:1)
7 creatures vanquished.

Grand Total: 731 creatures vanquished

Notes
Turn   | Place    | Note
-------+----------+-------------------------------------------
     0 | D:1      | Laraso the Minotaur Gladiator began the quest for the Orb.
     0 | D:1      | Reached XP level 1. HP: 18/18 MP: 0/0
    19 | D:1      | Reached skill level 4 in Maces & Flails
   195 | D:1      | Reached XP level 2. HP: 24/25 MP: 1/1
   519 | D:1      | Reached skill level 5 in Maces & Flails
   741 | D:2      | Reached XP level 3. HP: 30/30 MP: 2/2
  1254 | D:2      | Reached skill level 6 in Maces & Flails
  1254 | D:2      | Reached XP level 4. HP: 35/37 MP: 3/3
  1400 | D:3      | Identified the +2 ring mail of the Pure Smoking Lives
                  | {-Cast rElec rPois rCorr}
  1417 | D:3      | Found Puimep's Magic Scroll Shoppe.
  1420 | D:3      | Bought a scroll of identify for 26 gold pieces
  1420 | D:3      | Bought a scroll of identify for 26 gold pieces
  1420 | D:3      | Bought a scroll of identify for 26 gold pieces
  1532 | D:3      | Found a shimmering altar of Xom.
  1691 | D:3      | Found a faded altar of an unknown god.
  1854 | D:3      | You fall into a shaft and drop 3 floors!
  1862 | D:6      | Noticed a phantom
  1884 | D:6      | Killed a phantom
  1885 | D:6      | Reached skill level 7 in Maces & Flails
  1885 | D:6      | Reached XP level 5. HP: 25/42 MP: 4/4
  1949 | D:6      | Found a runed translucent gate.
  1950 | D:6      | Found a runed translucent gate.
  1950 | D:6      | Found a runed translucent gate.
  1953 | D:6      | Noticed an ice beast
  1955 | D:6      | Noticed a steam dragon
  2097 | D:6      | Killed a steam dragon
  2098 | D:6      | Reached XP level 6. HP: 44/52 MP: 5/5
  2151 | D:6      | Noticed a water moccasin
  2174 | D:6      | Killed a water moccasin
  2175 | D:6      | Reached skill level 8 in Maces & Flails
  2179 | D:5      | Entered Level 5 of the Dungeon
  2240 | D:4      | Reached XP level 7. HP: 58/59 MP: 6/6
  2252 | D:4      | Got Sif Muna's Secrets of the Hurtful Snake
  2567 | D:4      | Found a glowing golden altar of the Shining One.
  2589 | D:4      | Found a sparkling altar of Nemelex Xobeh.
  2730 | D:4      | Identified the ring "Lecvikay" {MP+9 Str+3 Int+6}
  2956 | D:4      | Found a staircase to the Ecumenical Temple.
  2956 | D:4      | Noticed Edmund
  2973 | D:4      | Killed Edmund
  2974 | D:4      | Reached skill level 9 in Maces & Flails
  3066 | D:4      | Found a glowing silver altar of Zin.
  3108 | Temple   | Entered the Ecumenical Temple
  3396 | Temple   | Became a worshipper of Trog the Wrathful
  3685 | D:5      | Reached skill level 10 in Maces & Flails
  3954 | D:5      | Found a blossoming altar of Fedhas.
  3998 | D:5      | Reached XP level 8. HP: 66/66 MP: 7/7
  4032 | D:5      | Reached skill level 11 in Maces & Flails
  4090 | D:5      | Reached * piety under Trog
  4163 | D:5      | Found Yprahuen's Jewellery Shoppe.
  4608 | D:6      | Reached skill level 12 in Maces & Flails
  4635 | D:6      | Reached skill level 5 in Fighting
  5402 | D:6      | Found Jogull's Book Shop.
  5412 | D:6      | Found a shimmering blue altar of Sif Muna.
  5614 | D:6      | Reached skill level 5 in Dodging
  5614 | D:6      | Reached XP level 9. HP: 68/75 MP: 8/8
  5614 | D:6      | Reached ** piety under Trog
  5702 | D:6      | Noticed kd29's ghost (novice DsRe)
  5976 | D:6      | Killed kd29's ghost
  5977 | D:6      | Reached skill level 13 in Maces & Flails
  6150 | D:7      | Reached skill level 14 in Maces & Flails
  6246 | D:7      | Found Cheibriados's Comfort Zone.
  6248 | D:7      | Found a snail-covered altar of Cheibriados.
  6333 | D:7      | Reached XP level 10. HP: 71/88 MP: 9/9
  6342 | D:7      | Reached skill level 5 in Armour
  7037 | D:7      | Reached *** piety under Trog
  7047 | D:7      | Identified the +7 hand axe of the Empty Page {distort,
                  | rPois Str+3}
  7174 | D:8      | Found a flagged portal.
  7184 | Bailey   | Entered a bailey
  7305 | Bailey   | Reached XP level 11. HP: 89/93 MP: 10/10
  7352 | Bailey   | Noticed an orc knight
  7366 | Bailey   | Killed an orc knight
  7614 | D:8      | Noticed a two-headed ogre
  7625 | D:8      | Killed a two-headed ogre
  8199 | D:8      | Found Ymo Tese's Magic Scroll Boutique.
  8202 | D:8      | Bought a scroll of enchant weapon for 97 gold pieces
  8202 | D:8      | Bought 3 scrolls of identify for 78 gold pieces
  8206 | D:8      | Bought a scroll of brand weapon for 123 gold pieces
  8272 | D:9      | Noticed a sun demon
  8553 | D:9      | Reached **** piety under Trog
  9158 | D:9      | Reached skill level 10 in Fighting
  9403 | D:9      | Reached XP level 12. HP: 107/107 MP: 11/11
  9768 | D:9      | Found a staircase to the Orcish Mines.
  9876 | D:10     | Entered Level 10 of the Dungeon
 10164 | D:10     | Found an iron altar of Okawaru.
 10175 | D:10     | Found a broken altar of Ashenzari.
 10177 | D:10     | Found a stormy altar of Qazlal.
 10178 | D:10     | Found an ornate altar of the Wu Jian Council.
 10179 | D:10     | Found a shadowy altar of Dithmenos.
 10180 | D:10     | Found a burning altar of Makhleb.
 10773 | D:11     | Noticed a boulder beetle
 10791 | D:11     | Killed a boulder beetle
 10796 | D:11     | Noticed a boulder beetle
 10806 | D:11     | Killed a boulder beetle
 11374 | D:11     | Reached ***** piety under Trog
 11743 | D:11     | Found a staircase to the Lair.
 11876 | Lair:1   | Entered Level 1 of the Lair of Beasts
 12623 | Lair:1   | Identified the ring "Duutoim" {Wiz rPois rF- Int+2 Slay+5}
 13507 | Lair:2   | Noticed a catoblepas
 13522 | Lair:2   | Killed a catoblepas
 13523 | Lair:2   | Reached XP level 13. HP: 123/124 MP: 12/12
 14016 | Lair:2   | Reached skill level 15 in Maces & Flails
 14579 | Lair:2   | Reached skill level 16 in Maces & Flails
 14930 | Lair:2   | Received a gift from Trog
 15115 | Lair:2   | Reached skill level 15 in Fighting
 15226 | Lair:3   | Found a hole to the Spider Nest.
 16363 | Lair:3   | Found a runed translucent gate.
 16363 | Lair:3   | Found a runed translucent gate.
 16363 | Lair:3   | Found a runed translucent gate.
 16363 | Lair:3   | Noticed SecretSquirrel's ghost (journeyman TeAE)
 16374 | Lair:3   | Found a transporter.
 16649 | Lair:3   | Found a transporter.
 16710 | Lair:3   | Reached skill level 17 in Maces & Flails
 16806 | Lair:3   | Found a staircase to the Swamp.
 17000 | Lair:3   | Killed SecretSquirrel's ghost
 17003 | Lair:3   | Identified the +8 morningstar of Jelauvowk {drain, rC+
                  | Will++ MP+9 Str+2}
 17224 | Lair:3   | Identified the +9 war axe "Xoveriuff" {freeze, SInv}
 17340 | Lair:4   | Reached skill level 5 in Shields
 17340 | Lair:4   | Reached XP level 14. HP: 126/137 MP: 13/13
 17570 | Lair:4   | Identified the +0 chain mail of Neoss {+Inv Will- Regen+
                  | Dex-5}
 17766 | Lair:4   | Found a staircase to the Slime Pits.
 17803 | Lair:4   | Found a viscous altar of Jiyva.
 18378 | Lair:5   | Entered Level 5 of the Lair of Beasts
 19052 | Lair:5   | Reached skill level 10 in Shields
 20173 | Lair:5   | Received a gift from Trog
 21518 | Orc:1    | Entered Level 1 of the Orcish Mines
 22107 | Orc:2    | Entered Level 2 of the Orcish Mines
 22107 | Orc:2    | Found Faxt's Antique Armour Boutique.
 22131 | Orc:2    | Found a staircase to the Elven Halls.
 22397 | Orc:2    | Reached ****** piety under Trog
 22428 | Orc:1    | Reached XP level 15. HP: 68/144 MP: 14/14
 22690 | Orc:2    | Received a gift from Trog
 22701 | Orc:2    | Reached skill level 15 in Shields
 22861 | Orc:2    | Found Piung's Jewellery Emporium.
 22895 | Orc:2    | Found Jayxy's Armour Shoppe.
 23013 | Orc:2    | Found Imurgh's Magic Scroll Shoppe.
 23079 | Orc:2    | Bought a scroll of acquirement for 780 gold pieces
 23079 | Orc:2    | Bought a scroll of identify for 30 gold pieces
 23079 | Orc:2    | Bought a scroll of identify for 30 gold pieces
 23080 | Orc:2    | Acquired a manual of Armour
 23284 | Orc:2    | Bought a scroll of summoning for 142 gold pieces
 23464 | D:12     | Noticed Sonja
 23471 | D:12     | Killed Sonja
 23556 | D:12     | Found Pikuoper's Weapon Boutique.
 23732 | D:12     | Received a gift from Trog
 23733 | D:12     | Reached skill level 10 in Armour
 24100 | D:13     | Noticed Lodul
 24125 | D:13     | Killed Lodul
 24313 | D:13     | Found a transporter.
 24545 | D:13     | Noticed Frances
 24553 | D:13     | Killed Frances
 24636 | D:13     | Noticed Josephine
 24642 | D:13     | Killed Josephine
 24643 | D:13     | Reached skill level 1 in Evocations
 24874 | D:13     | Found a transporter.
 24938 | D:13     | Noticed jestert79's ghost (adept KoHu)
 25039 | D:13     | Found a blossoming altar of Fedhas.
 25375 | D:14     | Noticed Roxanne
 25388 | D:14     | Killed Roxanne
 25854 | D:14     | Reached skill level 5 in Evocations
 26078 | D:14     | Found a gate to the Vaults.
 26367 | D:15     | Entered Level 15 of the Dungeon
 26768 | D:15     | Found Tiacky's Magic Scroll Shoppe.
 26786 | D:15     | Bought a scroll of enchant armour for 135 gold pieces
 26786 | D:15     | Bought a scroll of blinking for 135 gold pieces
 26866 | D:15     | Reached XP level 16. HP: 134/151 MP: 15/15
 26997 | D:15     | Found a runed translucent door.
 27598 | D:15     | Found a staircase to the Depths.
 28221 | Swamp:1  | Entered Level 1 of the Swamp
 28273 | Swamp:1  | HP: 7/142 [will-o-the-wisp/foxfire (18)]
 28273 | Swamp:1  | HP: 3/140 [spectral anaconda[a ghost crab] (1)]
 28273 | Swamp:1  | Slain by a spectral anaconda

Illustrated notes

Levels and vault maps discovered:
D:1:      dpeg_arrival_court, layout_basic
D:2:      minmay_wonky_spiral, layout_basic, minmay_misc_feat_room,
          kennysheep_big_empty_room
D:3:      layout_basic, mainiacjoe_overflow_brackets, serial_curves,
          eino_curves_02, eino_curves_03, eino_curves_01, eino_curves_01,
          dreamdust_ecumenical_altar_hidden_monk_grotto, serial_shops,
          nicolae_shop_behind_doors, st_stairs_14
D:4:      layout_rooms, mainiacjoe_overflow_concentric_impassable,
          mainiacjoe_overflow_surrounded_room, zin_academy,
          minmay_temple_entry_glassed_door, serial_co_window_serial,
          co_window_paths_a, co_window_paths_a, co_window_corner_a,
          co_window_of_opportunity_a, co_window_paths_a,
          co_window_unsneaky_path_e, co_window_corner_ca, co_window_corner_cb,
          co_window_paths_c, co_window_unsneaky_path_c, co_window_broadway_a,
          glass_columns_a, glass_columns_a, glass_columns_a, uniq_edmund
D:5:      layout_rooms, kennysheep_little_box, serial_shops, shop
D:6:      layout_loops_cross, kennysheep_mini_moat, serial_shops, shop,
          gammafunk_ghost_necromancy, serial_bayou_pond_b,
          chequers_serial_rivers_large_a
D:7:      layout_loops_ring, minmay_shop_chei, hangedman_decor_slide_cut,
          minmay_puff
D:8:      layout_loops_cross, serial_shops, nicolae_shop_rolled_up,
          enter_bailey_2
D:9:      layout_roguey, david_orc_4, serial_co_window_serial,
          co_window_corner_a, co_window_corner_a, co_window_corner_a,
          co_window_paths_a, co_window_paths_a, co_window_unsneaky_path_c,
          co_window_2corner, co_window_broadway_a, co_window_cross_4,
          co_window_paths_d, glass_columns_a
D:10:     layout_basic, grunt_temple_overflow_open, statue_in_the_mist_lemuel
D:11:     layout_cave_pools, erik_lair_dragon
D:12:     layout_loops_ring, serial_shops, nicolae_shop_bloodbath_and_beyond,
          uniq_sonja
D:13:     layout_irregular_city, nzn_ghost_randoct, tgw_fedhas, uniq_lodul,
          uniq_josephine, uniq_frances
D:14:     layout_basic, hellmonk_vaults_order_and_chaos, uniq_roxanne
D:15:     grunt_enter_depths_hoard, layout_small_grid, serial_shops,
          nicolae_shop_pleasant_corner_grove, minmay_hidden_floor
Temple:   jpeg_temple_alley_garden
Lair:1:   layout_misc_corridors, nicolae_lair_lindhole, grunt_megastairs_5
Lair:2:   layout_regular_city, nicolae_lair_lakeside_cave
Lair:3:   gammafunk_cloud_chamber, layout_loops_ring,
          mainiacjoe_swamp_entry_angry_trees, spider_nest_entry_a,
          serial_forest, infiniplex_forest_zigzag_1,
          infiniplex_forest_clump_small, infiniplex_forest_straight_3,
          infiniplex_forest_lined_ring, infiniplex_forest_clump_diagonal,
          gammafunk_ghost_hydra_chop, serial_bayou_lagoon_a
Lair:4:   layout_layer_cave, minmay_slime_entry_pillars
Lair:5:   minmay_lair_end_enchanted_forest, layout_small_grid,
          lemuel_fruit_fields
Swamp:1:  layout_falls_marsh, nicolae_swamp_little_tower, swamp_pool_1_2,
          hangedman_swamp_pad
Orc:1:    layout_caves, basic_altar
Orc:2:    st_orc_town, layout_diamond_mine, serial_shops, shop

Skill      XL: |  1  2  3  4  5  6  7  8  9 10 11 12 13 14 15 16 |
---------------+-------------------------------------------------+-----
Maces & Flails | 4 5 6 7 8 10 12 14 17 | 17.1
Armour         | 2 3 4 7 9 12 | 12.7
Fighting       | 4 6 8 10 14 16 | 16.0
Dodging        | 5 6 12 14 | 14.0
Shields        | 4 5 14 16 | 16.0
Evocations     | 7 8 |  8.9
Throwing       | |  2.0

Action                     |  1- 3 |  4- 6 |  7- 9 | 10-12 | 13-15 | 16-18 || total
---------------------------+-------+-------+-------+-------+-------+-------++-------
  Melee: Flail             |    87 |    82 |   202 |   470 |   261 |       ||  1102
         Headbutt          |     7 |    10 |    30 |    93 |   292 |    17 ||   449
         Punch             |     1 |       |     2 |     2 |       |       ||     5
         Morningstar       |       |       |       |       |   851 |    51 ||   902
  Throw: Throwing net      |       |     4 |     1 |       |       |       ||     5
 Invoke: Berserk           |       |       |     1 |     3 |     5 |       ||     9
         Trog's Hand       |       |       |       |     1 |       |       ||     1
         Brothers in Arms  |       |       |       |       |     1 |       ||     1
Ability: Begin Untransform |       |       |     1 |       |       |       ||     1
  Evoke: Wand              |       |     3 |     3 |     1 |       |       ||     7
         Phantom mirror    |       |       |       |       |     1 |       ||     1
    Use: Scroll            |     1 |     7 |     1 |    11 |     8 |       ||    28
         Potion            |       |     2 |       |     3 |     1 |       ||     6
   Stab: Held in net/web   |       |       |     2 |       |       |       ||     2
         Petrified         |       |       |       |       |     1 |       ||     1
 Armour: Leather armour    |    41 |       |       |       |       |       ||    41
         Ring mail         |    12 |    66 |    91 |   233 |   142 |    19 ||   563
         Swamp dragon scal |       |       |       |       |   253 |    21 ||   274
  Dodge: Dodged            |    77 |    47 |    88 |   263 |   404 |    24 ||   903
  Block: Kite shield       |       |       |       |   114 |   802 |    43 ||   959
         Other             |       |       |       |     3 |       |       ||     3
         Reflection        |       |       |       |     2 |    16 |     1 ||    19
   Form: Blade             |       |       |     1 |       |       |       ||     1

Table legend: (Time is in decaauts)
 A = Elapsed time spent in this place.
 B = Non-inter-level travel time spent in this place.
 C = Inter-level travel time spent in this place.
 D = Time resting spent in this place.
 E = Time spent auto-exploring this place.
 F = Levels seen in this place.
 G = Mean time per level.
                   A        B        C        D        E       F      G
               +--------+--------+--------+--------+--------+-----+--------+
         Total |  27997 |  26467 |   1530 |   6277 |  15557 |  25 | 1119.9 |
       Dungeon |  16645 |  15610 |   1035 |   3181 |   9810 |  15 | 1109.7 |
        Temple |    150 |     54 |     96 |      0 |      0 |   1 |  150.0 |
          Lair |   8976 |   8663 |    313 |   2633 |   4716 |   5 | 1795.2 |
         Swamp |     54 |     54 |      0 |      0 |     28 |   1 |   54.0 |
  Orcish Mines |   1754 |   1669 |     85 |    344 |    875 |   2 |  877.0 |
        Bailey |    416 |    416 |      0 |    118 |    127 |   1 |  416.0 |
               +--------+--------+--------+--------+--------+-----+--------+

Top non-repeatable levels by time:
  Lair:5: 2332 daAuts
  Lair:2: 2086 daAuts
     D:6: 2067 daAuts
    D:11: 1752 daAuts
    D:15: 1637 daAuts
  Lair:4: 1622 daAuts
  Lair:3: 1576 daAuts
     D:9: 1433 daAuts
  Lair:1: 1359 daAuts
    D:13: 1256 daAuts
     D:4: 1043 daAuts
    D:14: 1010 daAuts
     D:7: 1008 daAuts
     D:8: 941 daAuts
    D:10: 935 daAuts
